 Dungeon Crawl Stone Soup version 0.22-a0-396-g3f858e3 (webtiles) character file.

171 Firecrotchwizard the Skirmisher (level 5, 0/29 HPs)
             Began as a Vine Stalker Fighter on May 3, 2018.
             Slain by a gnoll
             ... wielding a +0 halberd
              (1 damage)
             ... on level 2 of the Dungeon.
             The game lasted 00:03:32 (1567 turns).

Firecrotchwizard the Skirmisher (VSFi)              Turns: 1567, Time: 00:03:32

Health: 0/29       AC:  6    Str: 20    XL:     5   Next: 51%
Magic:  0/6        EV:  7    Int:  8    God:
Gold:   53         SH:  9    Dex: 13    Spells: 4/4 levels left

rFire    . . .     SeeInvis .     - Unarmed
rCold    . . .     Gourm    .   b - +0 shield
rNeg     . . .     Faith    .   a - +0 scale mail
rPois    .         Spirit   +   (no helmet)
rElec    .         Reflect  .   (no cloak)
rCorr    .         Harm     .   (no gloves)
MR       .....                  (no boots)
Stlth    ..........             (no amulet)
HPRegen  0.49/turn              (no ring)
MPRegen  0.10/turn              (no ring)

@: no status effects
A: fangs 2, regeneration 1, magic shield, antimagic bite, no potion heal 3, rot
immunity
a: no special abilities


You were on level 2 of the Dungeon.
You were not hungry.

You visited 1 branch of the dungeon, and saw 2 of its levels.

You collected 53 gold pieces.

Inventory:

Armour
 a - a +0 scale mail (worn)
 b - a +0 shield (worn)
Scrolls
 e - 2 scrolls of amnesia {unknown}
 g - a scroll of remove curse {unknown}
 h - a scroll of enchant weapon {unknown}
Potions
 c - a potion of might
 i - a potion of brilliance {unknown}
Comestibles
 d - 4 rations {@e1}
 f - 5 chunks of flesh {@w0}


   Skills:
 + Level 3.9 Fighting
 - Level 2.4 Armour
 + Level 3.8 Shields
 + Level 3.5 Unarmed Combat


You had 4 spell levels left.
You didn't know any spells.

Dungeon Overview and Level Annotations

Branches:
Dungeon (2/15)

Altars:


Innate Abilities, Weirdness & Mutations

You have extremely sharp teeth.
Your natural rate of healing is unusually fast.
When hurt, damage is shared between your health and your magic reserves.
Your bite disrupts and absorbs the magic of your enemies.
Potions cannot restore your health.
You are immune to rotting.


Message History

i - a smoky coppery potion You butcher the felid corpse of Natasha.
f - 12 chunks of flesh {@w0} (gained 2)
You see here the felid skeleton of Natasha. x2
Health restored: 29
There is a stone staircase leading down here.
You now have 42 gold pieces (gained 15).
Some of the chunks of flesh in your inventory have rotted away.
You now have 44 gold pieces (gained 2).
A worm comes into view.
You see here 9 gold pieces.
You now have 53 gold pieces (gained 9).
You hit the worm. You hit the worm. You bite the worm. You drain its power.
The worm bites you but does no damage.
You hit the worm. You bite the worm. You drain its power.
You hit the worm but do no damage.
You kill the worm!
No target in view!
You butcher the worm corpse.
f - 13 chunks of flesh {@w0} (gained 2) Some of the chunks of flesh in your inventory have rotted away.
Some of the chunks of flesh in your inventory have rotted away.
An adder comes into view.
The adder hisses angrily.
You miss the adder. Your bite misses the adder. The adder bites you.
You take 1 damage, and have 28/29 hp.
You now have 5/6 mp.
You hit the adder. You block the adder's attack.
The adder bites you but does no damage.
Health restored: 29 You punch the adder!
Your bite misses the adder. You block the adder's attack.
You closely miss the adder. Your bite misses the adder.
You block the adder's attack.
You hit the adder.
You kill the adder!
No target in view!
You start resting.
MP restored: 6 A rat comes into view.
The rat closely misses you.
You closely miss the rat. You block the rat's attack.
Some of the chunks of flesh in your inventory have rotted away.
You hit the rat but do no damage. You bite the rat, but do no damage.
You block the rat's attack.
You barely miss the rat. You bite the rat. You drain its power.
You block the rat's attack.
You barely miss the rat. The rat bites you but does no damage.
You hit the rat.
You kill the rat!
No target in view!
An adder comes into view.
The adder hisses angrily.
You see here a rat corpse.
An adder is nearby!
You butcher the rat corpse.
You see here a chunk of flesh {@w0}.
f - 11 chunks of flesh {@w0} (gained 1)
Your shield and scale mail prevent you from hitting the adder.
You bite the adder. You drain its power. You block the adder's attack.
The adder bites you.
You take 1 damage, and have 28/29 hp.
You hit the adder but do no damage. The adder barely misses you.
You closely miss the adder. You bite the adder, but do no damage.
You block the adder's attack. The adder bites you but does no damage.
Health restored: 29 You hit the adder.
Your bite misses the adder. The adder bites you but does no damage.
You hit the adder. Your bite misses the adder. The adder bites you.
You take 1 damage, and have 28/29 hp.
You hit the adder.
You kill the adder!
No target in view!
Some of the chunks of flesh in your inventory have rotted away.
There is a fountain of clear blue water here.
Health restored: 29 You block the gnoll's attack.
You hit the gnoll but do no damage. Your bite misses the gnoll.
The gnoll closely misses you.
You closely miss the gnoll. The gnoll hits you with a halberd!
You take 11 damage, and have 18/29 hp.
MASSIVE DAMAGE!!
You now have 4/6 mp.
You hit the gnoll. Your bite misses the gnoll.
The gnoll hits you but does no damage.
You hit the gnoll but do no damage. You bite the gnoll, but do no damage.
The gnoll barely misses you.
You closely miss the gnoll. Your bite misses the gnoll. You hit the gnoll.
Your bite misses the gnoll. The gnoll hits you with a halberd!
* * * LOW HITPOINT WARNING * * *
You take 13 damage, and have 6/29 hp.
MASSIVE DAMAGE!!
You now have 2/6 mp.
You barely miss the gnoll. You bite the gnoll. You drain its power.
You feel invigorated. The gnoll hits you with a halberd!
* * * LOW HITPOINT WARNING * * *
You take 5 damage, and have 1/29 hp.
You now have 0/6 mp.
You hit the gnoll. You bite the gnoll. You drain its power.
You feel invigorated. The gnoll hits you with a halberd.
You die...

#..### ###..## #####
###.. ###...# #.###
.###.....# #.# #
.........# #######.###
.........# #..........
.......g.# #........##
.......@.# #........##
.........#####........##
........................
...........###>.........
≈.≈.≈.≈......#.....÷....
...⌠...⌠..##>..........#
≈.≈.≈.≈.≈.#####.....#..#
.⌠...⌠.........#........
≈.≈.≈.≈.≈...............


You could see a gnoll.

Vanquished Creatures
  Natasha (thrice) (D:2)
  2 gnolls (D:1)
  3 adders (D:2)
  3 worms (D:2)
  7 bats
  2 giant cockroaches
  3 goblins (D:1)
  8 hobgoblins
  2 jackals (D:1)
  2 ball pythons (D:2)
  5 frilled lizards
  5 kobolds
  3 rats (D:2)
48 creatures vanquished.

Notes
Turn   | Place    | Note
-------+----------+-------------------------------------------
     0 | D:1      | Firecrotchwizard the Vine Stalker Fighter began the quest for the Orb.
     0 | D:1      | Reached XP level 1. HP: 11/11 MP: 2/2
   145 | D:1      | Reached XP level 2. HP: 16/16 MP: 3/3
   271 | D:1      | Reached skill level 3 in Fighting
   273 | D:1      | Reached skill level 3 in Shields
   603 | D:1      | Reached XP level 3. HP: 19/20 MP: 4/4
  1190 | D:2      | Noticed Natasha
  1204 | D:2      | Killed Natasha
  1204 | D:2      | Gained mutation: Your natural rate of healing is unusually fast. [Vine Stalker growth]
  1204 | D:2      | Reached XP level 4. HP: 16/24 MP: 5/5
  1211 | D:2      | Reached skill level 3 in Unarmed Combat
  1258 | D:2      | Noticed Natasha
  1278 | D:1      | HP: 5/24 [hobgoblin/club (2)]
  1280 | D:1      | HP: 2/24 [hobgoblin/club (3)]
  1332 | D:2      | Killed Natasha
  1332 | D:2      | Reached XP level 5. HP: 29/29 MP: 6/6
  1343 | D:2      | Noticed Natasha
  1352 | D:2      | Killed Natasha
  1565 | D:2      | HP: 6/29 [gnoll/halberd (13)]
  1566 | D:2      | HP: 1/29 [gnoll/halberd (6)]
  1567 | D:2      | Slain by a gnoll

Vault maps used:
D:1:      saegor_arrival_under_anarchy
D:2:      grunt_decor_clamped, kennysheep_crisscross, uniq_natasha

Skill      XL: |  1  2  3  4 |
---------------+-------------+-----
Fighting       | 3 |  3.9
Shields        | 3 |  3.8
Unarmed Combat | 3 |  3.5
Armour         | |  2.4

Action                   |  1- 3 |  4- 6 || total
-------------------------+-------+-------++-------
Melee: Unarmed           |   113 |    75 ||   188
       Bite              |    30 |    29 ||    59
  Eat: Chunk             |     1 |     1 ||     2
Armor: Scale mail        |    57 |    22 ||    79
Dodge: Dodged            |    36 |    15 ||    51
Block: Shield            |    52 |    28 ||    80

Table legend:
 A = Spawn XP
 B = Non-spawn XP
 C = Spawn XP percentage of total XP
 D = Spawn monster count
 E = Non-spawn monster count
 F = Spawn count percentage of total count
 G = Total turns spent on level
                    A         B        C        D         E        F      G
               +---------+---------+-------+---------+---------+-------+---------
         Total |       0 |     245 |   0.0 |       0 |      48 |   0.0 |  1567
               +---------+---------+-------+---------+---------+-------+---------
           D:1 |       0 |      71 |   0.0 |       0 |      27 |   0.0 |   845
           D:2 |       0 |     174 |   0.0 |       0 |      21 |   0.0 |   722
               +---------+---------+-------+---------+---------+-------+---------

Vault maps used:
D:1:      saegor_arrival_under_anarchy
D:2:      grunt_decor_clamped, kennysheep_crisscross, uniq_natasha

Table legend:
 A = Turns spent in this place as a percentage of turns spent in the entire game.
 B = Non-inter-level travel turns spent in this place as a percentage of non-inter-level travel turns spent in the entire game.
 C = Inter-level travel turns spent in this place as a percentage of turns spent in this place.
 D = Turns resting spent in this place as a percentage of non-inter-level travel turns spent in this place.
 E = Turns spent auto-exploring this place as a percentage of non-inter-level travel turns spent in this place.
 F = Non-inter-level travel turns spent in this place divided by the number of levels of this place that you've seen.
                   A       B       C       D       E      F
               +-------+-------+-------+-------+-------+----------------------
         Total | 100.0 | 100.0 |   7.7 |  24.7 |  48.2 | 723.5
       Dungeon | 100.0 | 100.0 |   7.7 |  24.7 |  48.2 | 723.5
               +-------+-------+-------+-------+-------+----------------------

Table legend:
 A = Kills in this place as a percentage of kills in entire the game.
 B = Kills by you in this place as a percentage of kills by you in the entire game.
 C = Kills by friends in this place as a percentage of kills by friends in the entire game.
 D = Other kills in this place as a percentage of other kills in the entire game.
 E = Experience gained in this place as a percentage of experience gained in the entire game.
 F = Experience gained in this place divided by the number of levels of this place that you have seen.
                   A       B       C       D       E      F
               +-------+-------+-------+-------+-------+----------------------
         Total | 100.0 | 100.0 |   N/A |   N/A | 100.0 | 122.5
       Dungeon | 100.0 | 100.0 |   N/A |   N/A | 100.0 | 122.5
               +-------+-------+-------+-------+-------+----------------------
